 Dungeon Crawl Stone Soup version 0.17-a0-530-gbe3d13a (webtiles) character file.

9649 Gorice the Slinger (level 11, -7/68 HPs)
             Began as a Halfling Wanderer on Apr 11, 2015.
             Was a Believer of Fedhas.
             Killed from afar by a gargoyle (28 damage)
             ... with a stone arrow
             ... on level 10 of the Dungeon on Apr 12, 2015.
             The game lasted 02:05:29 (15863 turns).

Gorice the Slinger (Halfling Wanderer)             Turns: 15863, Time: 02:05:29

Health: -7/68      AC: 13    Str: 15    XL:     11   Next: 78%
Magic:  11/11      EV: 24    Int: 13    God:    Fedhas [**....]
Gold:   546        SH:  0    Dex: 16    Spells: 0 memorised, 10 levels left

rFire  . . .     SeeInvis .     b - +0 hunting sling
rCold  . . .     Clarity  .     A - +0 ring mail
rNeg   . . .     SustAb   .     (shield restricted)
rPois  .         Gourm    +     y - +0 helmet
rElec  .         Spirit   .     t - +2 cloak {MR+}
rCorr  .         Warding  .     i - +1 pair of gloves
rMut   .         Stasis   .     x - +1 pair of boots
MR     +....                    n - amulet of the gourmand
Stlth  ++........               c - +4 ring of evasion
                                J - +3 ring of strength

@: somewhat resistant to hostile enchantments, unstealthy
A: mutation resistance 1
a: Evolution, Sunlight, Renounce Religion


You were on level 10 of the Dungeon.
You worshipped Fedhas.
Fedhas was pleased with you.
You were very full.

You visited 2 branches of the dungeon, and saw 12 of its levels.

You collected 546 gold pieces.

Inventory:

Hand weapons
 a - a +0 short sword of speed
   (You took it off an orc on level 6 of the Dungeon)
 b - a +0 hunting sling (weapon)
 e - a +0 double sword
 w - a +0 short sword of holy wrath
   (You took it off a kobold on level 1 of the Dungeon)
Missiles
 g - 7 tomahawks
 u - 49 poisoned needles
 K - 4 sling bullets (quivered)
 Z - 303 stones
Armour
 i - a +1 pair of gloves (worn)
 t - a +2 cloak of magic resistance (worn)
   (You found it on level 5 of the Dungeon)
 x - a +1 pair of boots (worn)
 y - a +0 helmet (worn)
 A - a +0 ring mail (worn)
Magical staves
 G - an uncursed staff of cold
Jewellery
 c - a +4 ring of evasion (right hand)
 m - an uncursed ring of flight
 n - an amulet of the gourmand (around neck)
 J - a +3 ring of strength (left hand)
 T - an uncursed amulet of warding
 U - a +3 ring of intelligence
 Y - an uncursed amulet of resist mutation
Magical devices
 d - a wand of teleportation (3) {!d}
 h - a wand of teleportation (9) {!d}
 j - a wand of teleportation (5) {!d}
 v - a wand of heal wounds (3) {!d}
 E - a wand of cold (0)
 O - a wand of fire (0)
 S - a wand of polymorph (10)
Scrolls
 C - 6 scrolls of remove curse
 D - a scroll of enchant armour
 F - a scroll of holy word {!r}
 H - a scroll of amnesia
 R - a scroll of recharging
Potions
 k - 2 potions of brilliance {!q}
 o - 3 potions of ambrosia {!q}
 p - a potion of heal wounds {!q}
 r - a potion of curing
 s - a potion of poison {unknown}
 z - a potion of restore abilities {unknown}
 I - a potion of agility {unknown}
 L - a potion of resistance {unknown}
 Q - 2 potions of invisibility {unknown}
 W - a potion of might {unknown}
 X - a potion of magic {unknown}
Comestibles
 f - 6 bread rations {!e}
 l - 3 beef jerkies
 q - 4 meat rations {!e}
 B - 9 slices of pizza
 M - a chunk of flesh
 N - 10 fruits {!e}


   Skills:
 - Level 3.7 Fighting
 - Level 12.0 Short Blades
   Level 1.7 Axes
 + Level 14.3 Slings
 - Level 1.3(8.9) Throwing
 - Level 2.1 Armour
 * Level 11.2 Dodging
 - Level 1.9 Stealth


You had 10 spell levels left.
You didn't know any spells.

Dungeon Overview and Level Annotations

Branches:
Dungeon (11/15)            Temple (1/1) D:6            Lair (0/8) D:11
    Orc: D:9-12

Altars:
Ashenzari
Cheibriados
Dithmenos
Elyvilon
Fedhas
Gozag
Kikubaaqudgha
Makhleb
Nemelex Xobeh
Okawaru
Qazlal
Ru
Sif Muna
Trog
Vehumet
Xom
Yredelemnul
Zin
The Shining One

Annotations:
D:4 Menkaure
D:11 Hanyuu's ghost, powerful KoAs


Innate Abilities, Weirdness & Mutations

You are small and have problems with some larger weapons.
You are somewhat resistant to further mutation.


Message History

Really read
M - a scroll of teleportation {!r}?
As you read the scroll of teleportation {!r}, it crumbles to dust.
You feel strangely unstable.
Hanyuu's ghost is nearby!
You feel sick.
You take 1 damage.
Your surroundings suddenly seem different.
Found a leather armour.
Found a staircase to the Lair.
You feel sick.
You are no longer poisoned.
You take 1 damage.
K - a sling bullet
g - 7 tomahawks (gained 1)
K - 4 sling bullets (gained 3)
You see here a scroll of holy word {!r}.
F - a scroll of holy word {!r} Wield which item (- for none, * to show all)? (? for menu, Esc to quit)
Your +0 short sword of holy wrath stops glowing.
b - a +0 hunting sling (weapon)
Firing (i - inventory. (,) - cycle):
K - 4 sling bullets (quivered)
Press: ? - help, Shift-Dir - straight line, f - orc
Aim: an orc, wielding a club You shoot a sling bullet.
The sling bullet hits the orc!
You kill the orc!
Firing (i - inventory. (,) - cycle):
K - 3 sling bullets (quivered)
Press: ? - help, Shift-Dir - straight line, f - you
Okay, then.
Unknown command.
K - 4 sling bullets (gained 1)
Things that are here:
a club; an orc corpse You butcher the orc corpse.
M - a chunk of flesh You see here a club.
A gargoyle comes into view. It is wielding a mace of protection.
There is a stone staircase leading up here.
The gargoyle barely misses you.
You climb upwards.
There is a stone staircase leading down here.
Read which item? (? for menu, Esc to quit)
Really read
P - a scroll of fear {!r}?
As you read the scroll of fear {!r}, it crumbles to dust.
You assume a fearsome visage.
The gargoyle is unaffected.
The gargoyle misses you.
The gargoyle hurls a stone arrow at you.
The stone arrow misses you.
The gargoyle hurls a stone arrow at you.
The stone arrow hits you!
You die...
Fedhas appreciates your contribution to the ecosystem.

###..# ############ #####...##
#......>...# ......###
#..........# ####....####
#..........#
##.#....###..........#
#.####...#.....9....# #.#
###.'..........## #####.###
###...........## #.......#
##..@.........## ........#
##...8.......8..# ........#
#...............## ....8...#
#................# ........#
#.......#.####...#
........####.....##..#####..#
..........##.....#......###.#
..........#....#.#......# #######
.............#.#.#......######...


You could see a gargoyle.

Vanquished Creatures
  A hill giant (D:10)
  A centaur skeleton (D:10)
  Grinder (D:6)
  2 polar bears (D:10)
  A centaur simulacrum (D:10)
  2 wargs (D:11)
  Sigmund (D:6)
  A yak (D:10)
  A hog (D:9)
  A hungry ghost (D:10)
  A human (D:9)
  2 orc warriors
  5 ice beasts
  2 phantoms
  A sky beast (D:10)
  A water moccasin (D:8)
  A black bear (D:7)
  A necrophage (D:7)
  An eye of draining (D:11)
  6 ogres
  4 giant frogs
  9 centaurs
  4 scorpions
  12 killer bees
  3 wights (D:10)
  A wyvern simulacrum (D:10)
  An electric eel (D:10)
  A quasit (D:5)
  6 goliath beetles
  A giant frog zombie (D:10)
  3 hounds (D:9)
  3 centaur zombies
  2 crimson imps (D:6)
  2 jellies
  2 giant frog skeletons
  3 orc priests
  An iguana (D:7)
  8 orc wizards
  5 worker ants
  3 sheep (D:9)
  A giant frog simulacrum (D:10)
  A wasp simulacrum (D:10)
  A hound skeleton (D:10)
  2 worker ant zombies
  A mummy (D:7)
  4 gnolls (D:5)
  13 adders
  A hound simulacrum (D:10)
  3 giant eyeballs (D:9)
  5 white imps (D:10)
  3 worms
  An ufetubus (D:10)
  2 adder zombies
  3 giant geckos
  22 orcs
  13 bats
  4 giant cockroaches
  19 hobgoblins
  17 jackals
  17 kobolds
  4 quokkas
  A ball python (D:1)
  3 giant gecko skeletons
  3 giant newts (D:1)
  A giant spore (D:6)
  12 goblins
  24 rats
  A ballistomycete (D:6)
289 creatures vanquished.

Vanquished Creatures (collateral kills)
  2 death yaks
  A hill giant (D:9)
  A gargoyle (D:9)
  A centaur skeleton (D:10)
  A wolf (D:9)
  A hippogriff (D:11)
  An ice beast (D:10)
  5 killer bees (D:9)
  2 scorpions
  An orc priest (D:11)
  An orc wizard (D:11)
  A giant frog skeleton (D:9)
  2 adders
  4 orcs (D:11)
  A kobold (D:9)
25 creatures vanquished.

Vanquished Creatures (others)
  8 wandering mushrooms
  An orc warrior (D:6)
  A giant frog (D:11)
  An ogre (D:11)
  2 orc priests (D:11)
  An orc wizard (D:11)
  2 orcs
  A plant (D:6)
  100 toadstools
117 creatures vanquished.

Grand Total: 431 creatures vanquished

Notes
Turn   | Place    | Note
--------------------------------------------------------------
     0 | D:1      | Gorice, the Halfling Wanderer, began the quest for the Orb.
     0 | D:1      | Gorice set off with: a +2 hand axe, a +0 mace, a potion of lignification {!q}, a +0 robe, a bread ration {!e}
     0 | D:1      | Reached XP level 1. HP: 16/16 MP: 1/1
    44 | D:1      | HP: 4/16 [jackal (2)]
    52 | D:1      | HP: 3/24 [bat (1)]
   378 | D:1      | Reached XP level 2. HP: 19/22 MP: 2/2
   491 | D:1      | Reached skill level 1 in Short Blades
   657 | D:1      | Reached skill level 2 in Short Blades
   665 | D:1      | Reached XP level 3. HP: 15/27 MP: 3/3
  1062 | D:1      | Reached skill level 3 in Short Blades
  1456 | D:2      | Reached XP level 4. HP: 23/33 MP: 4/4
  2102 | D:2      | Reached skill level 4 in Short Blades
  2138 | D:2      | Reached skill level 1 in Slings
  2915 | D:3      | Reached skill level 2 in Slings
  2915 | D:3      | Reached XP level 5. HP: 33/37 MP: 5/5
  3182 | D:4      | Found a stormy altar of Qazlal.
  3287 | D:4      | Noticed Menkaure
  3406 | D:4      | Found a sparkling altar of Nemelex Xobeh.
  3527 | D:4      | Reached skill level 5 in Short Blades
  3544 | D:4      | HP: 11/37 [poisoned by a worker ant]
  3550 | D:4      | HP: 10/37 [poisoned by a worker ant]
  3557 | D:4      | HP: 9/37 [poisoned by a worker ant]
  4110 | D:4      | Reached skill level 3 in Slings
  4110 | D:4      | Reached XP level 6. HP: 43/43 MP: 6/6
  4193 | D:5      | Entered Level 5 of the Dungeon
  4246 | D:5      | Found a shattered altar of Ashenzari.
  4411 | D:5      | Reached skill level 6 in Short Blades
  4502 | D:5      | Noticed an orc warrior
  4749 | D:5      | Reached skill level 4 in Slings
  5065 | D:5      | Reached XP level 7. HP: 43/47 MP: 7/7
  5345 | D:6      | Reached skill level 7 in Short Blades
  5345 | D:6      | Reached skill level 5 in Slings
  5355 | D:5      | HP: 14/47 [poisoned by an orc warrior]
  5360 | D:5      | HP: 11/47 [poisoned by an orc warrior]
  5365 | D:5      | HP: 8/47 [poisoned by an orc warrior]
  5370 | D:5      | HP: 7/47 [poisoned by an orc warrior]
  5377 | D:5      | HP: 6/47 [poisoned by an orc warrior]
  5385 | D:5      | HP: 5/47 [poisoned by an orc warrior]
  6043 | D:6      | Noticed Sigmund
  6054 | D:6      | Killed Sigmund
  6054 | D:6      | Reached skill level 8 in Short Blades
  6054 | D:6      | Reached skill level 6 in Slings
  6396 | D:6      | Found an ancient bone altar of Kikubaaqudgha.
  6449 | D:6      | Reached skill level 7 in Slings
  6449 | D:6      | Reached XP level 8. HP: 54/54 MP: 8/8
  7003 | D:6      | Found a staircase to the Ecumenical Temple.
  7013 | Temple   | Entered the Ecumenical Temple
  7357 | D:6      | Reached skill level 9 in Short Blades
  7520 | D:6      | Reached skill level 8 in Slings
  7663 | D:6      | Noticed Grinder
  8267 | D:7      | Reached skill level 10 in Short Blades
  8267 | D:7      | Reached skill level 9 in Slings
  8269 | D:7      | Reached XP level 9. HP: 49/58 MP: 9/9
  8550 | D:7      | Found a sacrificial altar of Ru.
  8712 | D:6      | Reached skill level 10 in Slings
  8984 | D:6      | Found a blossoming altar of Fedhas.
  9006 | D:6      | Killed Grinder
  9006 | D:6      | Reached skill level 11 in Short Blades
  9022 | D:6      | Became a worshipper of Fedhas Madash
  9029 | D:6      | Noticed an oklob plant
 10070 | D:8      | Found a basalt altar of Yredelemnul.
 10121 | D:8      | Reached skill level 12 in Short Blades
 10486 | D:8      | Reached skill level 11 in Slings
 10486 | D:8      | Reached skill level 1 in Dodging
 10517 | D:8      | Reached skill level 2 in Dodging
 10530 | D:8      | Acquired Fedhas's first power
 10931 | D:9      | Reached XP level 10. HP: 48/63 MP: 10/10
 10940 | D:9      | Reached skill level 3 in Dodging
 10970 | D:9      | HP: 17/63 [killer bee (8)]
 10975 | D:9      | HP: 18/63 [poisoned by a killer bee]
 10982 | D:9      | HP: 17/63 [poisoned by a killer bee]
 10989 | D:9      | HP: 15/63 [poisoned by a killer bee]
 10996 | D:9      | HP: 15/63 [poisoned by a killer bee]
 11004 | D:9      | HP: 14/63 [poisoned by a killer bee]
 11281 | D:9      | Reached skill level 4 in Dodging
 11293 | D:9      | Noticed a gargoyle
 11310 | D:9      | Killed a gargoyle
 11372 | D:9      | Noticed a hill giant
 11402 | D:9      | Killed a hill giant
 11402 | D:9      | Reached skill level 12 in Slings
 11402 | D:9      | Reached skill level 5 in Dodging
 11566 | D:9      | Reached skill level 6 in Dodging
 11802 | D:9      | Paralysed by a giant eyeball for 3 turns
 11818 | D:9      | Acquired Fedhas's second power
 11908 | D:9      | Paralysed by a giant eyeball for 2 turns
 11912 | D:9      | Paralysed by a giant eyeball for 3 turns
 12004 | D:9      | Reached skill level 7 in Dodging
 12578 | D:10     | Entered Level 10 of the Dungeon
 12740 | D:10     | Noticed a death yak
 12758 | D:10     | Noticed a death yak
 13170 | D:6      | Killed a death yak
 13170 | D:6      | Reached skill level 13 in Slings
 13170 | D:6      | Reached skill level 8 in Dodging
 13170 | D:6      | Reached XP level 11. HP: 66/68 MP: 11/11
 13445 | D:10     | Killed a death yak
 13498 | D:10     | Reached skill level 9 in Dodging
 14280 | D:10     | Reached skill level 10 in Dodging
 14717 | D:10     | Noticed a hill giant
 14772 | D:10     | Killed a hill giant
 14957 | D:10     | Reached skill level 14 in Slings
 15087 | D:10     | Upgraded the game from 0.17-a0-512-gd6a67cc to 0.17-a0-530-gbe3d13a
 15412 | D:11     | Reached skill level 11 in Dodging
 15509 | D:11     | HP: 14/68 [warg (13)]
 15619 | D:11     | Noticed Hanyuu's ghost (powerful KoAs)
 15731 | D:11     | HP: 30/102 [poisoned by Hanyuu's ghost]
 15736 | D:11     | HP: 25/102 [poisoned by Hanyuu's ghost]
 15741 | D:11     | HP: 18/102 [poisoned by Hanyuu's ghost]
 15749 | D:11     | HP: 30/102 [poisoned by Hanyuu's ghost]
 15754 | D:11     | HP: 27/102 [poisoned by Hanyuu's ghost]
 15759 | D:11     | HP: 23/102 [poisoned by Hanyuu's ghost]
 15764 | D:11     | HP: 20/102 [poisoned by Hanyuu's ghost]
 15769 | D:11     | HP: 17/102 [poisoned by Hanyuu's ghost]
 15774 | D:11     | HP: 15/102 [poisoned by Hanyuu's ghost]
 15796 | D:11     | HP: 20/68 [poisoned by Hanyuu's ghost]
 15801 | D:11     | HP: 17/68 [poisoned by Hanyuu's ghost]
 15806 | D:11     | HP: 15/68 [poisoned by Hanyuu's ghost]
 15811 | D:11     | HP: 14/68 [poisoned by Hanyuu's ghost]
 15818 | D:11     | HP: 14/68 [poisoned by Hanyuu's ghost]
 15825 | D:11     | Found a staircase to the Lair.
 15826 | D:11     | HP: 13/68 [poisoned by Hanyuu's ghost]
 15863 | D:10     | Killed from afar by a gargoyle

Action                   |  1- 3 |  4- 6 |  7- 9 | 10-12 || total
-------------------------+-------+-------+-------+-------++-------
Melee: Hand axe          |    59 |       |       |       ||    59
       Short sword       |    49 |   119 |   416 |   758 ||  1342
 Fire: Hunting sling     |       |   160 |   443 |   514 ||  1117
Throw: Tomahawk          |    21 |     4 |     1 |    18 ||    44
       Stone             |     9 |       |       |       ||     9
Invok: Evolution         |       |       |       |     8 ||     8
Evoke: Wand              |       |     3 |       |     6 ||     9
  Use: Potion            |     1 |       |       |     6 ||     7
       Scroll            |       |     9 |     7 |     4 ||    20
 Stab: Distracted        |       |       |       |     1 ||     1
       Confused          |       |       |       |     1 ||     1
  Eat: Chunk             |     5 |    19 |    16 |    16 ||    56

Table legend:
 A = Turns spent in this place as a percentage of turns spent in the entire game.
 B = Non-inter-level travel turns spent in this place as a percentage of non-inter-level travel turns spent in the entire game.
 C = Inter-level travel turns spent in this place as a percentage of turns spent in this place.
 D = Turns resting spent in this place as a percentage of non-inter-level travel turns spent in this place.
 E = Turns spent auto-exploring this place as a percentage of non-inter-level travel turns spent in this place.
 F = Non-inter-level travel turns spent in this place divided by the number of levels of this place that you've seen.
                   A       B       C       D       E      F
               +-------+-------+-------+-------+-------+----------------------
         Total | 100.0 | 100.0 |   0.4 |   1.1 |   2.6 | 677.7
       Dungeon |  99.8 |  99.8 |   0.4 |   1.1 |   2.5 | 737.5
        Temple |   0.2 |   0.2 |   5.0 |   0.0 |  68.4 |  19.0
               +-------+-------+-------+-------+-------+----------------------

Vault maps used:
D:1:      dpeg_arrival_tiny_b
D:2:      first_bread
D:4:      minmay_door_path, nicolae_qazlal_general_emergency, nemelex_deck,
          uniq_menkaure
D:5:      cheibrodos_ashenzari_chains
D:6:      tgw_fedhas, kiku_gazebo_pond_becter, lemuel_temple_firewalk_marked,
          uniq_grinder, uniq_sigmund
D:7:      kennysheep_mini
D:8:      kennysheep_mini_moat
D:9:      grunt_livestock, onia_ninara_cookie
D:10:     serial_ice, serial_ice_n, serial_ice_o, serial_ice_d, serial_ice_h,
          serial_ice_f, serial_ice_i
D:11:     erik_lair_orcish_takeover, zombieorc1_lemuel,
          hangedman_decor_diamond_cutter, hangedman_decor_clover_reticule,
          lemuel_flamethrower_2
Temple:   chambers_temple_12
